 Dungeon Crawl Stone Soup version 0.24-a0-429-g4608c8fa30 (webtiles) character file.

Game seed: 3999472959039880636

31534 Azzok the Eclecticist (level 13, -5/63 HPs)
             Began as a Deep Elf Fire Elementalist on June 13, 2019.
             Was a High Priest of Vehumet.
             Killed from afar by a lava snake (14 damage)
             ... with a glob of lava
             ... in a volcano.
             The game lasted 00:34:52 (18613 turns).

Azzok the Eclecticist (Deep Elf Fire Elementalist) Turns: 18613, Time: 00:34:53

Health: -5/63      AC:  7    Str: 12    XL:     13   Next: 26%
Magic:  34/34      EV: 12    Int: 26    God:    Vehumet [*****.]
Gold:   1172       SH:  4    Dex: 15    Spells: 29/42 levels left

rFire    + + .     SeeInvis .   X - +6 dagger "Cayshret" {freeze, rC+ Int+2}
rCold    . . .     Gourm    +   y - +0 buckler
rNeg     + + +     Faith    .   J - +1 robe {MR+}
rPois    +         Spirit   .   C - +0 helmet of Circular Logic {Str+2}
rElec    .         Reflect  .   S - +0 cloak
rCorr    .         Harm     .   j - +0 pair of gloves
MR       ++...                  d - +0 pair of boots
Stlth    ++........             K - amulet "Danussy" {Gourm *Corrode rPois rN+++ Str+3}
HPRegen  0.20/turn              l - ring of fire
MPRegen  0.24/turn              I - ring of protection from fire

@: no status effects
A: no striking features
a: Renounce Religion


You were in a volcano.
You worshipped Vehumet.
Vehumet was extremely pleased with you.
You were very full.

You visited 3 branches of the dungeon, and saw 16 of its levels.
You also visited: Gauntlet and Volcano.

You collected 1172 gold pieces.

Inventory:

Hand Weapons
 X - the +6 dagger "Cayshret" (weapon) {freeze, rC+ Int+2}
   (You found it on level 11 of the Dungeon)

   It has been specially enchanted to freeze those struck by it, causing extra
   injury to most foes and up to half again as much damage against particularly
   susceptible opponents.
   It can also slow down cold-blooded creatures.
   It affects your intelligence (+2).
   It protects you from cold.
Armour
 d - a +0 pair of boots (worn)
 j - a +0 pair of gloves (worn)
 y - a +0 buckler (worn)
 A - a +2 robe of fire resistance
 C - the +0 helmet of Circular Logic (worn) {Str+2}
   (You found it in a Gauntlet)

   It affects your strength (+2).
 J - a +1 robe of magic resistance (worn)
 S - a +0 cloak (worn)
Jewellery
 g - an uncursed ring of poison resistance
 l - a ring of fire (left hand)
 I - a ring of protection from fire (right hand)
 K - the amulet "Danussy" (around neck) {Gourm *Corrode rPois rN+++ Str+3}
   (You took it off a centaur warrior on level 9 of the Dungeon)

   [amulet of the gourmand]

   It allows you to eat raw meat even when not hungry.
   It affects your strength (+3).
   It protects you from poison.
   It renders you almost immune to negative energy.
   It may corrode you when you take damage.
 Q - the ring of Ovuxke {Wiz *Corrode MR- Int+10}
   (You found it on level 9 of the Dungeon)

   [ring of wizardry]

   It improves your spell success rate.
   It affects your intelligence (+10).
   It affects your resistance to hostile enchantments.
   It may corrode you when you take damage.
 R - the ring of Zuez {rElec Str-4 Int+5 SInv Stlth+}
   (You found it on level 9 of the Dungeon)

   [ring of see invisible]

   It affects your strength (-4).
   It affects your intelligence (+5).
   It insulates you from electricity.
   It lets you see invisible.
   It makes you more stealthy.
Wands
 q - a wand of digging (12)
 x - a wand of iceblast (16)
 G - a wand of paralysis (19)
 N - a wand of scattershot (9)
 T - a wand of disintegration (15)
 Y - a wand of random effects (32)
Scrolls
 b - 11 scrolls of teleportation
 f - 2 scrolls of magic mapping
 k - 5 scrolls of remove curse
 z - 4 scrolls of fog
 L - 2 scrolls of fear
 M - a scroll of blinking
Potions
 e - a potion of ambrosia {unknown}
 h - 2 potions of cancellation {unknown}
 i - 4 potions of resistance {unknown}
 n - a potion of berserk rage {unknown}
 o - 3 potions of heal wounds
 r - a potion of brilliance
 s - 5 potions of flight {unknown}
 w - 2 potions of might
 D - a potion of agility
 E - a potion of curing
 F - 3 potions of haste
 O - a potion of mutation {!q}
Miscellaneous
 U - a box of beasts
 W - a phial of floods
Comestibles
 c - 26 rations


   Skills:
 - Level 2.4 Dodging
 - Level 2.4 Stealth
 + Level 1.9 Shields
 + Level 15.2 Spellcasting
 + Level 12.9 Conjurations
 + Level 13.2 Fire Magic
 - Level 10.0 Evocations


You had 29 spell levels left.
You knew the following spells:

 Your Spells              Type           Power        Failure   Level  Hunger
a - Flame Tongue          Conj/Fire      #####        0%          1    None
b - Conjure Flame         Conj/Fire      #######.     1%          3    None
c - Sticky Flame          Conj/Fire      #######.     1%          4    None
d - Fireball              Conj/Fire      #######...   1%          5    #......

Your spell library contained the following spells:

 Spells                   Type           Power        Failure   Level  Hunger
 Bolt of Cold             Conj/Ice       ######....   11%         6    ####...
 Sting                    Conj/Pois      ####         1%          1    None
 Throw Flame              Conj/Fire      ######       1%          2    None
 Inner Flame              Hex/Fire       ######..     1%          3    None
 Mephitic Cloud           Conj/Pois/Air  #####...     1%          3    None
 Iskenderun's Battlesphe  Conj/Chrm      ######..     1%          5    #......
 Venom Bolt               Conj/Pois      ######....   1%          5    #......
 Apportation              Tloc           ###...       3%          1    None
 Beastly Appendage        Tmut           ###...       3%          1    None
 Summon Butterflies       Summ           ###.....     3%          1    None
 Poisonous Vapours        Pois/Air       ###...       5%          2    None
 Sticks to Snakes         Tmut           ###.....     5%          2    None
 Swiftness                Chrm/Air       ###.....     5%          2    None
 Olgreb's Toxic Radiance  Pois           ###.....     10%         4    None
 Lesser Beckoning         Tloc           ###.......   11%         3    None
 Spectral Weapon          Hex/Chrm       ###.....     11%         3    None
 Tukima's Dance           Hex            ###.....     11%         3    None
 Yara's Violent Unravell  Hex/Tmut       ###.......   24%         5    #......
 Alistair's Intoxication  Tmut/Pois      ###.....     67%         5    #......
 Excruciating Wounds      Chrm/Necr      ###.......   67%         5    #......
 Ring of Flames           Chrm/Fire      ######....   88%         7    ######.
 Invisibility             Hex            ###.....     99%         6    ####...
 Statue Form              Tmut/Erth      ###......    99%         6    ####...
 Dragon Form              Tmut           ###.......   100%        7    ######.


Dungeon Overview and Level Annotations

Branches:
Dungeon (11/15)            Temple (1/1) D:4            Lair (4/6) D:10
 Spider (0/4) Lair:2          Orc (0/2) D:9
  Swamp: Lair:2-4    Shoals: Lair:2-4

Altars:
Ashenzari
Cheibriados
Dithmenos
Elyvilon
Fedhas
Gozag
Hepliaklqana
Kikubaaqudgha
Makhleb
Okawaru
Ru
Sif Muna
Trog
Uskayaw
Vehumet
Wu Jian
Xom
Zin
The Shining One

Annotations:
D:8 3 runed translucent doors, Avack's ghost, novice KoHu; Laiders72's ghost, novice FoFi; MirrMurr's ghost, novice DsBe; Tenar's ghost, novice GrEE
D:9 2 runed translucent doors


Message History

Aiming: Disintegrate
Press: ? - help, Shift-Dir - straight line, f - lava snake
Aim: a lava snake (black smoke, lava, chance to defeat MR: 94%)
The lava snake is blasted!
You are engulfed in blazing flames.
You resist.
* * * LOW HITPOINT WARNING * * *
Put on which piece of jewellery? (? for menu, Esc to quit)
You're wearing all the rings you can.
Remove which one? (? for menu, Esc to cancel) < or
l - a ring of fire > or
R - the ring of Zuez {rElec Str-4 Int+5 SInv Stlth+} You remove the ring of Zuez {rElec Str-4 Int+5 SInv Stlth+}.
You are engulfed in blazing flames.
You resist.
* * * LOW HITPOINT WARNING * * *
I - a ring of protection from fire (right hand)
You are engulfed in blazing flames.
You resist.
* * * LOW HITPOINT WARNING * * *
The lava snake spits lava at you. The glob of lava hits you!
You partially resist.
You die...

§≈≈≈≈≈§≈≈§§≈§§§≈≈··········
≈≈°○°°§°§≈§§§§≈·○··········
≈≈○§§°○§○○§○○○○○···········
·≈°○○°○§○S·°··○·°········▒▒
···°○○°°°°○°○○○°°·····▒·▒▒
······○○°○°°°○○····▒▒▒▒▒▒
······°○○°○○○··▒···▒
▒·▒▒▒▒▒▒°▒○▒▒▒▒▒▒▒▒▒ ▒○°@°▒
▒▒▒▒▒▒


You could see a lava snake.

Vanquished Creatures
  A minotaur (Gauntlet)
  Snorg (D:11)
  An ogre mage (D:11)
  2 hydras
  Harold (D:8)
  A centaur warrior (D:9)
  2 catoblepae
  3 two-headed ogres (D:11)
  A death yak (D:10)
  Nergalle (D:11)
  Urug (D:11)
  Pikel (D:9)
  A cyclops (D:11)
  2 ugly things (D:9)
  2 black mambas
  An apocalypse crab (Gauntlet)
  Psyche (D:9)
  2 gargoyles (Gauntlet)
  2 spiny frogs (Lair:3)
  A rime drake (Lair:2)
  A komodo dragon (Lair:2)
  A polar bear (Lair:2)
  3 trolls
  2 hippogriffs
  3 large abominations (Gauntlet)
  2 dream sheep (D:10)
  4 blink frogs (Lair:3)
  Sigmund (D:4)
  A vampire (D:10)
  A wyvern (D:11)
  20 yaks
  Grum (D:9)
  3 basilisks
  A steam dragon (Lair:2)
  A vampire mosquito (D:9)
  2 wargs (D:9)
  6 porcupines
  Duvessa (D:4)
  3 water moccasins
  5 small abominations (Gauntlet)
  4 ice beasts
  7 orc warriors
  5 sky beasts
  A necrophage (D:9)
  4 slaves (D:9)
  13 wolves
  4 ogres
  5 centaurs
  8 crocodiles
  Blork the orc (D:4)
  4 big kobolds (D:10)
  A wyvern zombie (D:11)
  9 bullfrogs
  Dowan (D:4)
  A water moccasin skeleton (D:7)
  18 killer bees
  6 wights
  4 howler monkeys
  An electric eel (D:6)
  2 lava snakes (Volcano)
  4 crimson imps
  A centaur zombie (D:11)
  2 hounds
  9 orc priests
  4 iguanas
  3 jellies
  3 bullfrog skeletons
  4 centaur skeletons
  7 orc wizards
  6 worker ants
  Robin (D:4)
  A worker ant zombie (D:5)
  2 howler monkey zombies
  11 adders
  A howler monkey skeleton (D:7)
  2 shadow imps
  An ooze (D:6)
  An adder skeleton (D:5)
  A worm (D:3)
  A dart slug (D:5)
  4 leopard geckos
  47 orcs
  7 giant cockroaches
  18 goblins
  4 hobgoblins
  7 jackals
  8 quokkas
  A ball python (D:1)
  7 bats
  5 frilled lizards
  A jackal skeleton (D:4)
  15 kobolds
  2 quokka skeletons
  9 rats
  2 plants (D:10)
391 creatures vanquished.

Vanquished Creatures (others)
  5 fungi
  8 plants (Gauntlet)
  2 withered plants (D:8)
15 creatures vanquished.

Grand Total: 406 creatures vanquished

Notes
Turn   | Place    | Note
-------+----------+-------------------------------------------
     0 | D:1      | Azzok the Deep Elf Fire Elementalist began the quest for
                  | the Orb.
     0 | D:1      | Reached XP level 1. HP: 10/10 MP: 6/6
   325 | D:1      | Reached XP level 2. HP: 13/15 MP: 6/8
  1017 | D:2      | Reached XP level 3. HP: 19/19 MP: 8/10
  1275 | D:2      | Reached skill level 4 in Spellcasting
  1555 | D:2      | Reached XP level 4. HP: 24/24 MP: 9/12
  1790 | D:2      | Found a sacrificial altar of Ru.
  1821 | D:2      | Learned a level 3 spell: Conjure Flame
  1826 | D:2      | Learned a level 4 spell: Sticky Flame
  2233 | D:3      | Reached XP level 5. HP: 28/28 MP: 12/14
  2617 | D:3      | Reached skill level 5 in Spellcasting
  2724 | D:3      | Found a burning altar of Makhleb.
  2890 | D:3      | Learned a level 5 spell: Fireball
  2945 | D:4      | Noticed Duvessa
  2948 | D:4      | Noticed Dowan
  2982 | D:4      | HP: 1/28 [Duvessa/+2 vampiric short sword (6)]
  3007 | D:4      | Killed Duvessa
  3007 | D:4      | Reached skill level 5 in Fire Magic
  3007 | D:4      | Reached XP level 6. HP: 14/32 MP: 0/16
  3270 | D:4      | Noticed Sigmund
  3335 | D:4      | Killed Sigmund
  3335 | D:4      | Reached skill level 6 in Spellcasting
  3503 | D:4      | Killed Dowan
  3503 | D:4      | Reached XP level 7. HP: 22/36 MP: 11/18
  3663 | D:4      | Found a staircase to the Ecumenical Temple.
  3687 | Temple   | Entered the Ecumenical Temple
  3709 | Temple   | Became a worshipper of Vehumet
  3780 | D:4      | Reached skill level 5 in Conjurations
  4059 | D:4      | Noticed Robin
  4134 | D:4      | Killed Robin
  4215 | D:4      | Reached skill level 7 in Spellcasting
  4660 | D:4      | Noticed Blork the orc
  4671 | D:4      | Killed Blork the orc
  4911 | D:5      | Entered Level 5 of the Dungeon
  4975 | D:5      | Reached * piety under Vehumet
  4975 | D:5      | Offered knowledge of Sandblast by Vehumet.
  4987 | D:5      | Reached XP level 8. HP: 41/41 MP: 2/21
  5281 | D:5      | Reached skill level 8 in Spellcasting
  6106 | D:6      | Found a sacrificial altar of Ru.
  6109 | D:6      | Found an ancient bone altar of Kikubaaqudgha.
  6112 | D:6      | Found a blossoming altar of Fedhas.
  6115 | D:6      | Found a hide-covered altar of Uskayaw.
  6251 | D:6      | Reached ** piety under Vehumet
  6251 | D:6      | Offered knowledge of Magic Dart by Vehumet.
  6545 | D:7      | Reached skill level 9 in Spellcasting
  6803 | D:7      | Reached XP level 9. HP: 41/45 MP: 12/24
  7118 | D:7      | Reached skill level 10 in Spellcasting
  7272 | D:7      | Offered knowledge of Ignite Poison by Vehumet.
  7481 | D:7      | Found a burning altar of Makhleb.
  7481 | D:7      | Noticed a cacodemon
  7487 | D:7      | Found a glowing silver altar of Zin.
  7496 | D:7      | Noticed an angel
  7795 | D:8      | Found a runed translucent gate.
  7795 | D:8      | Found a runed translucent gate.
  7795 | D:8      | Found a runed translucent gate.
  7795 | D:8      | Noticed Tenar's ghost (novice GrEE)
  7795 | D:8      | Noticed Laiders72's ghost (novice FoFi)
  7796 | D:8      | Noticed MirrMurr's ghost (novice DsBe)
  7796 | D:8      | Noticed Avack's ghost (novice KoHu)
  8140 | D:8      | Noticed Harold
  8148 | D:8      | Killed Harold
  8491 | D:9      | Reached XP level 10. HP: 50/50 MP: 18/26
  8576 | D:9      | Got a shimmering war axe
  8577 | D:9      | Identified the +5 war axe of Guilt {flame, rF+} (You found
                  | it on level 9 of the Dungeon)
  8587 | D:9      | Found a runed translucent door.
  8621 | D:9      | Noticed Psyche
  8624 | D:9      | Killed Psyche
  8624 | D:9      | Reached skill level 11 in Spellcasting
  8765 | D:9      | Noticed Pikel
  8771 | D:9      | Killed Pikel
  8771 | D:9      | Reached *** piety under Vehumet
  8773 | D:9      | Noticed Grum
  8894 | D:9      | Killed Grum
  8894 | D:9      | Reached skill level 10 in Fire Magic
  9138 | D:9      | Found a runed translucent door.
  9228 | D:9      | Noticed a catoblepas
  9237 | D:9      | Killed a catoblepas
  9247 | D:9      | Reached skill level 5 in Evocations
  9373 | D:9      | Found a runed translucent door.
  9399 | D:9      | Offered knowledge of Olgreb's Toxic Radiance by Vehumet.
  9416 | D:9      | Found a staircase to the Orcish Mines.
  9646 | D:9      | Reached skill level 12 in Spellcasting
  9646 | D:9      | Reached skill level 10 in Conjurations
  9802 | D:9      | Identified the cursed ring of a Billion Eyes {*Corrode
                  | rElec rPois Str-2 SInv}
  9973 | D:9      | Got a heavily runed iron ring
  9978 | D:9      | Noticed a brown ugly thing
  9982 | D:9      | Noticed a purple ugly thing
  9984 | D:9      | Killed a purple ugly thing
  9984 | D:9      | Killed a purple ugly thing
  9984 | D:9      | Reached XP level 11. HP: 54/54 MP: 12/29
 10072 | D:9      | Got a crude tin ring
 10262 | D:9      | Identified the ring of Ovuxke {Wiz *Corrode MR- Int+10}
                  | (You found it on level 9 of the Dungeon)
 10263 | D:9      | Identified the ring of Zuez {rElec Str-4 Int+5 SInv Stlth+}
                  | (You found it on level 9 of the Dungeon)
 10274 | D:10     | Entered Level 10 of the Dungeon
 10290 | D:9      | Identified the amulet "Danussy" {Gourm *Corrode rPois rN+++
                  | Str+3}
 10290 | D:9      | Noticed a centaur warrior
 10293 | D:9      | Killed a centaur warrior
 10550 | D:9      | Reached **** piety under Vehumet
 10743 | D:9      | Offered knowledge of Bolt of Draining by Vehumet.
 11031 | D:10     | Noticed a two-headed hydra
 11036 | D:10     | Killed a two-headed hydra
 11464 | D:10     | Reached skill level 13 in Spellcasting
 11638 | D:10     | Noticed a death yak
 11640 | D:10     | Found a staircase to the Lair.
 11647 | D:10     | Killed a death yak
 11938 | D:10     | Found an ancient bone altar of Kikubaaqudgha.
 12413 | D:11     | Reached ***** piety under Vehumet
 12413 | D:11     | Offered knowledge of Ozocubu's Refrigeration by Vehumet.
 12419 | D:11     | Noticed an ogre mage
 12427 | D:11     | Got a scorched dagger
 12435 | D:10     | Identified the +6 dagger "Cayshret" {freeze, rC+ Int+2}
                  | (You found it on level 11 of the Dungeon)
 12551 | D:11     | Noticed a two-headed ogre
 12616 | D:11     | Killed a two-headed ogre
 12705 | D:11     | Noticed Urug
 12708 | D:11     | Killed Urug
 12708 | D:11     | Reached XP level 12. HP: 58/59 MP: 10/31
 12850 | D:11     | Noticed a two-headed ogre
 12853 | D:11     | Killed a two-headed ogre
 12855 | D:11     | Noticed a two-headed ogre
 13031 | D:11     | Killed a two-headed ogre
 13132 | D:11     | Noticed Snorg
 13135 | D:11     | Killed Snorg
 13214 | D:11     | Noticed Nergalle
 13218 | D:11     | Killed Nergalle
 13218 | D:11     | Reached skill level 14 in Spellcasting
 13528 | D:11     | Killed an ogre mage
 13920 | Lair:1   | Entered Level 1 of the Lair of Beasts
 14226 | Lair:1   | Noticed a four-headed hydra
 14232 | Lair:1   | Killed a four-headed hydra
 14827 | Lair:2   | Found a gate leading to a gauntlet.
 14875 | Gauntlet | Entered a Gauntlet
 14875 | Gauntlet | Found a transporter.
 14875 | Gauntlet | Found a transporter.
 14898 | Gauntlet | Found a transporter.
 14898 | Gauntlet | Found a transporter.
 14907 | Gauntlet | Noticed a great orb of eyes
 14909 | Gauntlet | Found a transporter.
 14909 | Gauntlet | Found a transporter.
 14918 | Gauntlet | Found a transporter.
 14920 | Gauntlet | Found a transporter.
 14921 | Gauntlet | Found a transporter.
 14943 | Gauntlet | Found a transporter.
 14974 | Gauntlet | Noticed a catoblepas
 14977 | Gauntlet | Found a transporter.
 15023 | Gauntlet | Found a transporter.
 15044 | Gauntlet | Found a transporter.
 15142 | Gauntlet | Found a transporter.
 15159 | Gauntlet | Found a transporter.
 15178 | Gauntlet | Found a transporter.
 15298 | Gauntlet | Killed a catoblepas
 15518 | Gauntlet | Got a scorched helmet
 15873 | Gauntlet | Identified the +7 trident of the Hierophant {speed, +Inv
                  | rElec rN++ Str-2}
 15873 | Gauntlet | Identified the +0 crystal plate armour of Lut Wugh {Str+7
                  | Int-3 Dex+2 SInv}
 15873 | Gauntlet | Noticed a minotaur
 15885 | Gauntlet | Killed a minotaur
 15906 | Gauntlet | Identified the Catalogue of Good Luck
 15915 | Gauntlet | Identified the Grimoire of Transmutation
 16206 | Lair:2   | Reached XP level 13. HP: 63/63 MP: 19/33
 16605 | Lair:2   | Found a hole to the Spider Nest.
 16630 | Lair:2   | Identified the +0 helmet of Circular Logic {Str+2} (You
                  | found it in a Gauntlet)
 16798 | Lair:2   | Reached skill level 10 in Evocations
 17155 | Lair:3   | Reached skill level 1 in Shields
 17156 | Lair:3   | Reached skill level 15 in Spellcasting
 17370 | Lair:3   | Offered knowledge of Bolt of Cold by Vehumet.
 18527 | Lair:4   | Found a dark tunnel.
 18539 | Volcano  | Entered a volcano
 18613 | Volcano  | Killed from afar by a lava snake

Levels and vault maps discovered:
D:1:      dpeg_arrival_fog, layout_basic
D:2:      layout_basic, first_ration, hex_medium, nicolae_ru_path_of_blood
D:3:      layout_rooms, makhleb_heckhound_becter
D:4:      layout_loops_corners, minmay_temple_entry_statues_fountains,
          st_stairs_8, uniq_blork_the_orc, uniq_robin, uniq_duvessa,
          uniq_sigmund
D:5:      layout_loops_cross
D:6:      layout_cave_pools, grunt_temple_overflow_cloverleaf,
          minmay_crystal_water
D:7:      layout_cave_pools, grunt_temple_overflow_order_and_chaos_2
D:8:      layout_basic, gammafunk_ghost_cemetery, uniq_harold
D:9:      minmay_the_grid_triangle_9x9_rhombus_thin
          [minmay_the_grid_triangle_9x9_flanged_cone,
          minmay_the_grid_triangle_9x9_prize_special,
          minmay_the_grid_triangle_9x9_fully_insulated_deathbox,
          minmay_the_grid_triangle_9x9_zippers_horizontal],
          layout_irregular_city, david_orc_1_choice, eino_tiny_chamber,
          uniq_pikel, uniq_grum, uniq_psyche
D:10:     layout_loops_ring, david_lair_generic, basic_altar, hangedman_ranch
          [blue_anna_fruit_fields]
D:11:     layout_small_grid, chequers_avenue, uniq_nergalle, uniq_urug,
          uniq_snorg
Temple:   nicolae_temple_x_marks_the_god
Lair:1:   layout_chaotic_city, infiniplex_staircase_pool_2, grunt_megastairs_5
Lair:2:   layout_misc_corridors, dummy_spider_entry, gauntlet_entry_generic
Lair:3:   layout_cave_pods
Lair:4:   layout_cave_pods, elwin_shoals_entry_rocks,
          nicolae_volcano_entry_lava_flow, grunt_megastairs_2,
          lemuel_fruit_fields
Volcano:  volcano_lake [vl_original]

Skill      XL: |  1  2  3  4  5  6  7  8  9 10 11 12 13 |
---------------+----------------------------------------+-----
Conjurations   | 2 3 4 5 7 8 10 11 12 | 12.9
Fire Magic     | 4 5 6 8 9 10 11 13 | 13.2
Spellcasting   | 4 5 6 7 9 10 12 13 14 15 | 15.2
Evocations     | 2 5 8 9 10 | 10.0
Shields        | 1 |  1.9
Dodging        | |  2.4
Stealth        | |  2.4

Action                   |  1- 3 |  4- 6 |  7- 9 | 10-12 | 13-15 || total
-------------------------+-------+-------+-------+-------+-------++-------
Melee: Unarmed           |     5 |     1 |       |       |       ||     6
       Short sword       |     1 |     4 |    42 |       |       ||    47
       Long sword        |       |       |    19 |    18 |       ||    37
       Dagger            |       |       |       |    15 |       ||    15
 Cast: Flame Tongue      |    63 |    85 |   153 |    48 |     7 ||   356
       Sticky Flame      |       |     5 |    25 |    18 |     1 ||    49
       Conjure Flame     |       |       |     1 |     3 |       ||     4
       Fireball          |       |       |    19 |   172 |    41 ||   232
Evoke: Wand              |       |       |       |     2 |     3 ||     5
  Use: Potion            |       |     1 |       |     3 |       ||     4
       Scroll            |       |       |     5 |    13 |    13 ||    31
 Stab: Invisible         |       |       |       |     1 |       ||     1
  Eat: Chunk             |     2 |     6 |    17 |    30 |     7 ||    62
       Ration            |       |       |     1 |     2 |       ||     3
Armor: Robe              |    10 |     4 |    41 |    18 |       ||    73
       Skin              |       |     3 |       |       |       ||     3
Dodge: Dodged            |    19 |    39 |    74 |    54 |     2 ||   188
       Rpst.: Long sword |       |       |     6 |     3 |       ||     9

Table legend:
 A = Non-vault XP
 B = Vault XP
 C = Vault XP percentage of total XP
 D = Non-vault monster count
 E = Vault monster count
 F = Vault count percentage of total count
                 A         B        C        D         E       F
            +---------+---------+-------+---------+---------+-------
      Total |   24385 |   20664 |  45.9 |     297 |      88 |  22.9
            +---------+---------+-------+---------+---------+-------
        D:1 |      25 |       0 |   0.0 |      15 |       0 |   0.0
        D:2 |      85 |       0 |   0.0 |      31 |       0 |   0.0
        D:3 |     149 |      42 |  22.0 |      34 |       1 |   2.9
        D:4 |     293 |     592 |  66.9 |      13 |      16 |  55.2
        D:5 |     950 |       0 |   0.0 |      29 |       0 |   0.0
        D:6 |     204 |       0 |   0.0 |       6 |       0 |   0.0
        D:7 |    1562 |       0 |   0.0 |      38 |       0 |   0.0
        D:8 |     406 |     992 |  71.0 |       5 |       1 |  16.7
        D:9 |    1313 |    6851 |  83.9 |      17 |      36 |  67.9
       D:10 |    1221 |    3786 |  75.6 |      14 |      12 |  46.2
       D:11 |    7531 |    2751 |  26.8 |      45 |       3 |   6.2
     Lair:1 |    1555 |     463 |  22.9 |       6 |       4 |  40.0
     Lair:2 |    4622 |       0 |   0.0 |      22 |       0 |   0.0
     Lair:3 |    4469 |       0 |   0.0 |      22 |       0 |   0.0
    Volcano |       0 |     100 | 100.0 |       0 |       2 | 100.0
   Gauntlet |       0 |    5087 | 100.0 |       0 |      13 | 100.0
            +---------+---------+-------+---------+---------+-------
